 Dungeon Crawl Stone Soup version 0.16.0-11-gd45b091 (console) character file.

143105 gw the Severer (level 16, -18/157 HPs)
             Began as a Deep Dwarf Berserker on Mar 17, 2015.
             Was the Champion of Trog.
             Killed from afar by a Hell Sentinel (32 damage)
             ... with a blast of hellfire
             ... on level 1 of the Abyss.
             The game lasted 00:45:52 (26254 turns).

gw the Severer (Deep Dwarf Berserker)              Turns: 26254, Time: 00:45:52

Health: -18/157    AC: 26    Str: 24    XL:     16   Next: 82%
Magic:  0/0        EV: 10    Int: 12    God:    Trog [******]
Gold:   2060       SH:  0    Dex: 17    Spells: 0 memorised, 15 levels left

rFire  + + .     SeeInvis +     a - +8 battleaxe (freeze)
rCold  + + .     Clarity  .     m - +8 chain mail of Khefrul {rN+}
rNeg   + + .     SustAb   .     (no shield)
rPois  .         Gourm    .     S - +2 helmet "Thravueng" {rC++ Slay-4}
rElec  +         Spirit   .     v - -4 cloak of the Harvest {rF+} (curse)
rCorr  .         Warding  .     g - +2 pair of gloves
rMut   +         Stasis   .     (no boots)
MR     ++++.                    h - amulet of resist mutation
Stlth  ..........               w - ring of Wisonlaz {rElec Str+2 Stlth-}
                                r - ring of Zaedaeke {Contam +Fly rElec rF+ Int+3 SInv Stlth-}

@: non-regenerating, incredibly resistant to hostile enchantments, extremely
unstealthy
A: damage resistance, recharge devices, negative energy resistance 1, sense
surroundings 2, slow healing 3
a: Device Recharging, Burn Spellbooks, Berserk, Trog's Hand, Brothers in Arms,
Renounce Religion, Evoke Flight


You were on level 1 of the Abyss.
You worshipped Trog.
Trog was exalted by your worship.
You were not hungry.

You visited 3 branches of the dungeon, and saw 25 of its levels.
You visited the Abyss 1 time.
You also visited: Bailey and Ice Cave.

You collected 2060 gold pieces.

Inventory:

Hand weapons
 a - a +8 battleaxe of freezing (weapon)
 b - a +2 arbalest of freezing
Missiles
 O - 63 bolts of frost
 V - 8 bolts of penetration
Armour
 g - a +2 pair of gloves (worn)
 m - the +8 chain mail of Khefrul (worn) {rN+}
   (You found it on level 4 of the Orcish Mines)

   It protects you from negative energy.
 v - the cursed -4 cloak of the Harvest (worn) {rF+}
   (You found it on level 8 of the Lair of Beasts)

   It protects you from fire.
   It has a curse placed upon it.
 S - the +2 helmet "Thravueng" (worn) {rC++ Slay-4}
   (You found it on level 8 of the Lair of Beasts)

   It affects your accuracy and damage with ranged weapons and melee attacks
   (-4).
   It greatly protects you from cold.
Jewellery
 h - an amulet of resist mutation (around neck)
 r - the ring of Zaedaeke (left hand) {Contam +Fly rElec rF+ Int+3 SInv Stlth-}
   (You found it on level 9 of the Dungeon)

   [ring of intelligence]

   It affects your intelligence (+3).
   It protects you from fire.
   It insulates you from electricity.
   It enhances your eyesight.
   It lets you fly.
   It causes magical contamination when unequipped.
   It makes you less stealthy.
 w - the ring of Wisonlaz (right hand) {rElec Str+2 Stlth-}
   (You found it on level 5 of the Dungeon)

   [ring of loudness]

   It affects your strength (+2).
   It insulates you from electricity.
   It makes you less stealthy.
Magical devices
 c - a wand of heal wounds (0)
 l - a wand of draining (6)
 s - a wand of invisibility (5)
 t - a wand of lightning (0)
 x - a wand of disintegration (2)
 y - a wand of flame (13)
 C - a wand of frost (28)
 D - a wand of teleportation (3)
 G - a wand of digging (16)
 H - a wand of random effects (19)
Scrolls
 f - 2 scrolls of blinking
 u - 21 scrolls of identify
 I - 9 scrolls of remove curse
 K - a scroll of teleportation
Potions
 e - 13 potions of curing
 n - 3 potions of restore abilities
 J - a potion of resistance
 M - 2 potions of might
 P - 5 potions of haste
Books
 j - a book of Spatial Translocations {forbidden}

   Spells                             Type                      Level
   a - Apportation                    Translocation                1
   b - Blink                          Translocation                2
   c - Shroud of Golubria             Charms/Translocation         2
   d - Portal Projectile              Translocation                3
   e - Teleport Other                 Translocation                3
   f - Passage of Golubria            Translocation                4
   Trog disapproves of the use of such an item.
 k - a book of Unlife {forbidden}

   Spells                             Type                      Level
   a - Recall                         Summoning/Translocation      3
   b - Animate Dead                   Necromancy                   4
   c - Control Undead                 Necromancy                   4
   d - Cigotuvi's Embrace             Necromancy                   5
   e - Death Channel                  Necromancy                   6
   f - Simulacrum                     Ice/Necromancy               6
   Trog disapproves of the use of such an item.
 A - the Catalogue of Hurtful Heat {forbidden}
   (You found it on level 12 of the Dungeon)

   Spells                             Type                      Level
   a - Flame Tongue                   Conjuration/Fire             1
   b - Throw Flame                    Conjuration/Fire             2
   c - Bolt of Magma                  Conjuration/Fire/Earth       5
   d - Ignite Poison                  Fire/Transmutation           5
   e - Delayed Fireball               Conjuration/Fire             7
   Trog disapproves of the use of such an item.
 E - a book of the Earth {forbidden}

   Spells                             Type                      Level
   a - Leda's Liquefaction            Hexes/Earth                  4
   b - Bolt of Magma                  Conjuration/Fire/Earth       5
   c - Statue Form                    Transmutation/Earth          6
   d - Iron Shot                      Conjuration/Earth            6
   e - Shatter                        Earth                        9
   Trog disapproves of the use of such an item.
 L - a book of the Warp {forbidden}

   Spells                             Type                      Level
   a - Recall                         Summoning/Translocation      3
   b - Control Teleport               Charms/Translocation         4
   c - Force Lance                    Conjuration/Translocation    4
   d - Phase Shift                    Translocation                5
   e - Warp Weapon                    Charms/Translocation         5
   f - Gell's Gravitas                Hexes/Translocation          5
   g - Summon Forest                  Summoning/Translocation      5
   Trog disapproves of the use of such an item.
 N - a book of Beasts {forbidden}

   Spells                             Type                      Level
   a - Summon Butterflies             Summoning                    1
   b - Call Canine Familiar           Summoning                    3
   c - Summon Ice Beast               Ice/Summoning                4
   d - Summon Mana Viper              Hexes/Summoning              5
   e - Monstrous Menagerie            Summoning                    6
   f - Summon Hydra                   Summoning                    7
   Trog disapproves of the use of such an item.
 Q - Siros' Volume of the Traveller and the Blaze {forbidden}
   (You found it on level 8 of the Lair of Beasts)

   Spells                             Type                      Level
   a - Throw Flame                    Conjuration/Fire             2
   b - Blink                          Translocation                2
   c - Inner Flame                    Hexes/Fire                   3
   d - Control Teleport               Charms/Translocation         4
   e - Summon Forest                  Summoning/Translocation      5
   Trog disapproves of the use of such an item.
 T - a Grand Grimoire {forbidden, highlevel, unknown}

   This book is beyond your current level of understanding.

   Spells                             Type                      Level
   a - Aura of Abjuration             Summoning                    6
   b - Summon Greater Demon           Summoning                    7
   c - Malign Gateway                 Summoning/Translocation      7
   d - Summon Horrible Things         Summoning                    8
   Trog disapproves of the use of such an item.
Comestibles
 d - 9 bread rations
 i - 3 slices of pizza
 o - 3 beef jerkies
 p - 8 meat rations
 q - 35 fruits
 z - 3 royal jellies


   Skills:
 + Level 13.2 Fighting
 * Level 20.3 Axes
 + Level 9.2 Crossbows
 + Level 15.3 Armour
 - Level 2.1 Dodging


You had 15 spell levels left.
You didn't know any spells.

Dungeon Overview and Level Annotations

Branches:
Dungeon (13/15)            Temple (0/1) D:4            Lair (8/8) D:8
 Shoals (0/5) Lair:4        Snake (0/5) Lair:3        Slime (0/6) Lair:6
    Orc (4/4) D:12            Elf (0/3) Orc:3
 Vaults: D:13-14

Altars:
Elyvilon
Fedhas
Okawaru
Qazlal
Ru
Trog
Vehumet
Yredelemnul
Zin
The Shining One
Beogh

Shops:
D:7 !   D:8 ?!(%   Orc:4 *(((

Annotations:
D:13 Sonja
Lair:3 exclusion: downstairs


Innate Abilities, Weirdness & Mutations

You are resistant to damage.
You can recharge devices by infusing magical energy.
You resist negative energy.
You passively map the area around you.
You do not heal naturally.


Message History

The Hell Sentinel is moderately wounded.
Unknown command.
Unknown command.
Unknown command.
Unknown command.
ATTACK MOVE TO (-1,1)
You hit the Hell Sentinel but do no damage.
The Hell Sentinel is moderately wounded.
The Hell Sentinel gestures at you. The iron shot hits you!
Unknown command.
Unknown command.
Unknown command.
Unknown command.
ATTACK MOVE TO (-1,1)
You slice the Hell Sentinel!!!
The Hell Sentinel is heavily wounded.
The Hell Sentinel gestures at you.
The hellfire explodes!
The blast of hellfire engulfs you!
You die...

## #.#. . .....#
... ....... .##
..~~.#. ...#
#.~~~..## #. #
##.~~~~..## #..#
#..~.~..g.###..
#......1#./....#
...##..#......#
. #####.##..#
###...# #.#..#
####.. .# #..
...## #.......#


You could see a Hell Sentinel.

Table legend:
 A = Turns spent in this place as a percentage of turns spent in the entire game.
 B = Non-inter-level travel turns spent in this place as a percentage of non-inter-level travel turns spent in the entire game.
 C = Inter-level travel turns spent in this place as a percentage of turns spent in this place.
 D = Turns resting spent in this place as a percentage of non-inter-level travel turns spent in this place.
 E = Turns spent auto-exploring this place as a percentage of non-inter-level travel turns spent in this place.
 F = Non-inter-level travel turns spent in this place divided by the number of levels of this place that you've seen.
                   A       B       C       D       E      F
               +-------+-------+-------+-------+-------+----------------------
         Total | 100.0 | 100.0 |   3.0 |   0.2 |   2.1 | 2487.9
       Dungeon |  40.4 |  41.6 |   0.3 |   0.3 |   2.3 | 2228.8
          Lair |  34.4 |  35.3 |   0.3 |   0.2 |   1.8 | 3077.0
  Orcish Mines |  19.5 |  17.2 |  14.5 |   0.1 |   1.8 | 3000.8
         Abyss |   2.9 |   3.0 |   0.0 |   0.0 |   2.1 | 2076.0
        Bailey |   1.3 |   1.3 |   0.0 |   0.0 |   2.7 | 914.0
      Ice Cave |   1.5 |   1.5 |   0.0 |   0.9 |   2.3 | 1079.0
               +-------+-------+-------+-------+-------+----------------------

Table legend:
 A = Kills in this place as a percentage of kills in entire the game.
 B = Kills by you in this place as a percentage of kills by you in the entire game.
 C = Kills by friends in this place as a percentage of kills by friends in the entire game.
 D = Other kills in this place as a percentage of other kills in the entire game.
 E = Experience gained in this place as a percentage of experience gained in the entire game.
 F = Experience gained in this place divided by the number of levels of this place that you have seen.
                   A       B       C       D       E      F
               +-------+-------+-------+-------+-------+----------------------
         Total | 100.0 | 100.0 | 100.0 |  -nan | 100.0 | 5538.0
       Dungeon |  32.2 |  32.5 |   0.0 |  -nan |  17.1 | 2036.8
          Lair |  30.7 |  30.2 | 100.0 |  -nan |  41.9 | 8125.4
  Orcish Mines |  29.2 |  29.4 |   0.0 |  -nan |  18.1 | 7024.0
         Abyss |   3.1 |   3.2 |   0.0 |  -nan |  19.2 | 29819.0
        Bailey |   2.9 |   2.9 |   0.0 |  -nan |   0.6 | 896.0
      Ice Cave |   1.9 |   2.0 |   0.0 |  -nan |   3.1 | 4770.0
               +-------+-------+-------+-------+-------+----------------------

Vanquished Creatures
  2 bone dragons (Abyss:1)
  3 tentacled starspawn (Abyss:1)
  An Executioner (Abyss:1)
  An orc warlord (Orc:4)
  Gastronok (Orc:2)
  2 great orbs of eyes (Abyss:1)
  Fannar (Lair:5)
  8 hydras
  The ghost of Palladion the Fighter, an experienced OgGl of Ru (D:8)
  The ghost of cerealjynx the Impaler, a powerful MiMo of Yredelemnul (Orc:1)
  A catoblepas (Lair:6)
  A death yak (Lair:4)
  6 orc high priests (Orc:4)
  5 hell hogs (Abyss:1)
  Urug (D:12)
  Nergalle (Lair:3)
  3 wretched stars (Abyss:1)
  A fire crab (Lair:8)
  An ice devil (Orc:4)
  3 orc knights
  8 hill giants
  3 griffons
  3 large abominations (Abyss:1)
  9 orc sorcerers
  A manticore (Lair:4)
  A cyclops (Orc:4)
  4 elephants
  4 smoke demons (Abyss:1)
  A siren (Lair:4)
  An apocalypse crab (Abyss:1)
  4 black mambas
  23 spiny frogs
  A gargoyle (D:12)
  4 sixfirhies (Orc:4)
  2 rust devils (Orc:4)
  Psyche (D:9)
  An efreet (Abyss:1)
  4 komodo dragons
  An ancient zyme (Abyss:1)
  10 trolls
  A freezing wraith (Abyss:1)
  A fire drake (Lair:7)
  3 two-headed ogres
  3 blue devils (Orc:4)
  Prince Ribbit (D:9)
  6 polar bears (IceCv)
  3 giant leeches (Lair:8)
  43 blink frogs
  A boulder beetle (Lair:8)
  A snapping turtle (Lair:4)
  4 wandering mushrooms (D:8)
  3 basilisks
  A ynoxinul (Orc:4)
  A wyvern (Lair:8)
  A trapdoor spider (D:12)
  2 humans (D:12)
  A chaos spawn (Orc:4)
  28 yaks
  Grum (D:12)
  A mottled dragon (D:11)
  A neqoxec (Abyss:1)
  2 steam dragons
  7 vampire mosquitoes (Lair:8)
  11 hippogriffs
  3 hungry ghosts
  27 wolves
  Edmund (D:7)
  Menkaure (D:7)
  8 wargs
  3 nagas (Lair:3)
  A soldier ant (D:10)
  16 water moccasins
  47 orc warriors
  10 porcupines
  5 black bears
  A swamp drake (Lair:3)
  4 sky beasts
  5 phantoms
  4 necrophages
  6 ice beasts
  20 ogres
  2 wasps (Lair:4)
  2 boring beetles
  11 crocodiles
  7 centaurs
  36 giant frogs
  A big kobold (D:13)
  3 scorpions
  A wyvern skeleton (D:11)
  2 oklob saplings (D:8)
  9 wights
  7 electric eels
  2 centaur zombies
  A goliath beetle (D:9)
  4 jellies
  3 small abominations (Abyss:1)
  A wasp zombie (D:8)
  6 crimson imps
  A gnoll shaman (D:9)
  2 giant frog zombies
  3 giant frog skeletons
  15 hounds
  21 orc wizards
  3 centaur skeletons
  7 iguanas
  25 orc priests
  2 quasits
  6 worker ants
  18 sheep
  Jessica (D:2)
  38 adders
  29 gnolls
  71 river rats
  11 giant mites
  6 shadow imps
  13 white imps
  5 ufetubi
  6 worms
  3 orc zombies (Orc:4)
  6 giant geckos
  An ooze (D:2)
  235 orcs
  8 bats
  4 bat skeletons
  A bat zombie (D:8)
  7 giant cockroaches
  29 goblins
  33 hobgoblins
  4 ball pythons
  7 giant newts
  2 giant spores (D:6)
  15 jackals
  28 kobolds
  7 quokkas
  2 quokka zombies
  17 rats
  2 spectral orcs
  7 ballistomycetes
  20 fungi
  19 plants
  A starspawn tentacle (Abyss:1)
1258 creatures vanquished.

Vanquished Creatures (collateral kills)
  3 death yaks (Lair:4)
  An oklob plant (Lair:4)
  3 elephants (Lair:4)
  A blink frog (Lair:4)
  A giant frog (Lair:4)
9 creatures vanquished.

Vanquished Creatures (others)
  A deep troll (IceCv)
  2 wolves (IceCv)
  An ogre (D:8)
  A giant spore (D:9)
  4 fungi
  2 plants
  5 starspawn tentacles (Abyss:1)
  4 starspawn tentacle segments (Abyss:1)
20 creatures vanquished.

Grand Total: 1287 creatures vanquished

Notes
Turn   | Place    | Note
--------------------------------------------------------------
     0 | D:1      | gw, the Deep Dwarf Berserker, began the quest for the Orb.
     0 | D:1      | Reached XP level 1. HP: 20/20 MP: 1/1
     2 | D:1      | Noticed a demigod
     2 | D:1      | Noticed a centaur
     4 | D:1      | Noticed a minotaur
     6 | D:1      | Noticed a tengu
     6 | D:1      | Noticed a felid
     8 | D:1      | Noticed a draconian
     8 | D:1      | Noticed a gargoyle
    10 | D:1      | Noticed a vampire
    10 | D:1      | Noticed a dwarf
    12 | D:1      | Noticed a naga
    14 | D:1      | Noticed a demonspawn
    16 | D:1      | Noticed a spriggan
    16 | D:1      | Noticed a formicid
    18 | D:1      | Noticed an ogre
    18 | D:1      | Noticed a ghoul
    20 | D:1      | Noticed an elf
    20 | D:1      | Noticed a vine stalker
    22 | D:1      | Noticed a human
    24 | D:1      | Noticed a troll
    24 | D:1      | Noticed an octopode
    26 | D:1      | Noticed a merfolk
   302 | D:1      | Reached XP level 2. HP: 22/27 MP: 2/2
   623 | D:1      | Acquired Trog's second power
   974 | D:1      | Reached XP level 3. HP: 23/34 MP: 3/3
  1071 | D:2      | Reached skill level 4 in Axes
  1173 | D:2      | Noticed Jessica
  1181 | D:2      | Killed Jessica
  1181 | D:2      | Reached XP level 4. HP: 24/42 MP: 4/4
  1677 | D:3      | Found a sacrificial altar of Ru.
  1721 | D:3      | Received a gift from Trog
  1737 | D:3      | Reached skill level 5 in Axes
  1750 | D:3      | Reached XP level 5. HP: 47/49 MP: 5/5
  1773 | D:3      | Noticed a centaur
  1777 | D:3      | Killed a centaur
  2131 | D:3      | Acquired Trog's third power
  2224 | D:3      | Reached XP level 6. HP: 53/56 MP: 6/6
  2514 | D:4      | Reached skill level 6 in Axes
  2688 | D:4      | Found a staircase to the Ecumenical Temple.
  2773 | D:4      | Found a white marble altar of Elyvilon.
  2773 | D:4      | Found a glowing silver altar of Zin.
  2773 | D:4      | Found a glowing golden altar of the Shining One.
  2939 | D:4      | Reached XP level 7. HP: 64/64 MP: 7/7
  2990 | D:4      | Reached skill level 7 in Axes
  3033 | D:4      | Upgraded the game from 0.16.0-8-gd9ae3a8 to 0.16.0-11-gd45b091
  3037 | D:4      | Reached skill level 5 in Armour
  3763 | D:5      | Entered Level 5 of the Dungeon
  3782 | D:5      | Got a scorched jade ring
  3787 | D:5      | Identified the ring of Wisonlaz {rElec Str+2 Stlth-} (You found it on level 5 of the Dungeon)
  3855 | D:5      | Reached skill level 8 in Axes
  4045 | D:5      | Reached XP level 8. HP: 44/73 MP: 8/8
  4163 | D:5      | Found a stormy altar of Qazlal.
  4434 | D:5      | Reached skill level 5 in Fighting
  5139 | D:6      | Reached skill level 9 in Axes
  5189 | D:6      | Found a basalt altar of Yredelemnul.
  5584 | D:7      | Found Qubidghoilo's Distillery.
  5715 | D:7      | Noticed Edmund
  5722 | D:7      | Killed Edmund
  5722 | D:7      | Gained mutation: You passively map the area around you. [level up]
  5722 | D:7      | Reached XP level 9. HP: 62/82 MP: 9/9
  5964 | D:7      | Reached skill level 10 in Axes
  6222 | D:7      | Noticed Menkaure
  6225 | D:7      | Killed Menkaure
  6505 | D:8      | Noticed Palladion's ghost (experienced OgGl)
  6514 | D:8      | Reached skill level 11 in Axes
  6525 | D:8      | Killed Palladion's ghost
  6620 | D:8      | Found Skoequta's Food Emporium.
  6703 | D:8      | Found Strised's Distillery.
  6707 | D:8      | Found a staircase to the Lair.
  6739 | D:8      | Found Hual's Magic Scroll Shoppe.
  6788 | D:8      | Found Fraroil's Antique Weapon Shoppe.
  6893 | D:8      | Reached XP level 10. HP: 86/94 MP: 10/10
  6905 | D:8      | Found a bloodstained altar of Trog.
  7140 | D:8      | Reached skill level 12 in Axes
  7143 | D:8      | Found a blossoming altar of Fedhas.
  7636 | D:9      | Noticed Prince Ribbit
  7726 | D:9      | Killed Prince Ribbit
  7969 | D:9      | Noticed Psyche
  7974 | D:9      | Killed Psyche
  8206 | D:9      | Found a blossoming altar of Fedhas.
  8212 | D:9      | Got a scintillating jade ring
  8214 | D:9      | Identified the ring of Zaedaeke {Contam +Fly rElec rF+ Int+3 SInv Stlth-} (You found it on level 9 of the Dungeon)
  8228 | D:9      | Found a radiant altar of Vehumet.
  8394 | D:10     | Entered Level 10 of the Dungeon
  8422 | D:10     | Reached skill level 13 in Axes
  8664 | D:10     | Reached XP level 11. HP: 66/103 MP: 9/9
  9026 | D:10     | Noticed a hill giant
  9031 | D:10     | Killed a hill giant
  9072 | D:10     | Noticed a hill giant
  9077 | D:10     | Killed a hill giant
  9077 | D:10     | Reached skill level 10 in Armour
  9287 | D:11     | Found a frozen archway.
  9291 | D:11     | Received a gift from Trog
  9305 | IceCv    | Entered an ice cave
  9386 | IceCv    | Reached skill level 14 in Axes
 10014 | D:11     | Noticed a hill giant
 10023 | D:11     | Killed a hill giant
 10195 | D:11     | Noticed a hill giant
 10202 | D:11     | Killed a hill giant
 10207 | D:11     | Noticed a hill giant
 10430 | D:11     | Received a gift from Trog
 10740 | D:11     | Reached XP level 12. HP: 68/114 MP: 2/8
 10843 | D:11     | Reached skill level 15 in Axes
 10887 | D:11     | Killed a hill giant
 10981 | Lair:1   | Entered Level 1 of the Lair of Beasts
 12940 | Lair:2   | You fall through a shaft for 2 floors!
 12972 | Lair:3   | Received a gift from Trog
 13021 | Lair:3   | Found a staircase to the Snake Pit.
 13052 | Lair:3   | Noticed Nergalle
 13060 | Lair:3   | Reached skill level 10 in Fighting
 13063 | Lair:3   | Killed Nergalle
 13213 | Lair:3   | Reached skill level 16 in Axes
 13949 | Lair:4   | Found a staircase to the Shoals.
 14119 | Lair:4   | Received a gift from Trog
 14148 | Lair:4   | Reached XP level 13. HP: 85/124 MP: 8/8
 14215 | Lair:4   | Found a bloodstained altar of Trog.
 14216 | Lair:4   | Noticed a seven-headed hydra
 14220 | Lair:4   | Killed a nine-headed hydra
 14750 | Lair:4   | Reached skill level 17 in Axes
 14787 | Lair:4   | Reached skill level 1 in Crossbows
 14823 | Lair:4   | Received a gift from Trog
 15778 | Lair:5   | Noticed Fannar
 15787 | Lair:5   | Killed Fannar
 16214 | Lair:5   | Received a gift from Trog
 17295 | Lair:6   | Found a staircase to the Slime Pits.
 18024 | Lair:7   | Gained mutation: You resist negative energy. [level up]
 18024 | Lair:7   | Reached XP level 14. HP: 70/135 MP: 5/5
 18038 | Lair:7   | Received a gift from Trog
 18200 | Lair:7   | Received a gift from Trog
 18559 | Lair:8   | Entered Level 8 of the Lair of Beasts
 18614 | Lair:8   | Reached skill level 18 in Axes
 19111 | Lair:8   | Reached skill level 5 in Crossbows
 19150 | Lair:8   | Received a gift from Trog
 19428 | Lair:8   | Got a scorched cloak
 19439 | Lair:8   | Identified the cursed -4 cloak of the Harvest {rF+} (You found it on level 8 of the Lair of Beasts)
 19754 | Lair:8   | Identified Siros' Volume of the Traveller and the Blaze {forbidden}
 19756 | Lair:8   | Got a faintly glowing helmet
 19767 | Lair:8   | Identified the +2 helmet "Thravueng" {rC++ Slay-4} (You found it on level 8 of the Lair of Beasts)
 21015 | D:12     | Received a gift from Trog
 21085 | D:12     | Noticed Urug
 21094 | D:12     | Killed Urug
 21161 | D:12     | Identified the Catalogue of Hurtful Heat {forbidden}
 21467 | D:12     | Found a staircase to the Orcish Mines.
 21843 | D:12     | Noticed Grum
 21847 | D:12     | Received a gift from Trog
 21861 | D:12     | Killed Grum
 21876 | D:12     | Found an iron altar of Okawaru.
 21936 | Orc:1    | Entered Level 1 of the Orcish Mines
 21936 | Orc:1    | Found a roughly hewn altar of Beogh.
 21936 | Orc:1    | Noticed cerealjynx's ghost (powerful MiMo)
 21951 | Orc:1    | Killed cerealjynx's ghost
 22137 | Orc:2    | Noticed Gastronok
 22150 | Orc:2    | Killed Gastronok
 22326 | Orc:2    | Received a gift from Trog
 22389 | Orc:2    | Found a flagged portal.
 22447 | Bailey   | Entered a bailey
 22711 | Bailey   | Reached skill level 19 in Axes
 22711 | Bailey   | Reached XP level 15. HP: 58/146 MP: 1/1
 22795 | Orc:3    | Received a gift from Trog
 22978 | Orc:3    | Found a staircase to the Elven Halls.
 23168 | Orc:4    | Entered Level 4 of the Orcish Mines
 23173 | Orc:4    | Received a gift from Trog
 23313 | Orc:4    | Found a roughly hewn altar of Beogh.
 23370 | Orc:4    | Reached XP level 16. HP: 89/154 MP: 1/1
 23596 | Orc:4    | Found Pait's Weapon Boutique.
 23612 | Orc:4    | Found Hyceddej's Antique Weapon Shop.
 23625 | Orc:4    | Received a gift from Trog
 24114 | Orc:4    | Received a gift from Trog
 24393 | Orc:4    | Got a polished chain mail
 24404 | Orc:4    | Identified the +8 chain mail of Khefrul {rN+} (You found it on level 4 of the Orcish Mines)
 24615 | Orc:4    | Received a gift from Trog
 24654 | Orc:4    | Found a roughly hewn altar of Beogh.
 24863 | Orc:4    | HP: 5/154 [orc warlord/great mace (6)]
 24917 | Orc:4    | Found Ceraohius' General Store.
 24938 | Orc:4    | Received a gift from Trog
 25059 | Orc:4    | Received a gift from Trog
 25060 | Orc:4    | Found Sufo's Weapon Boutique.
 25457 | Orc:4    | Received a gift from Trog
 25646 | D:13     | Noticed Sonja
 25649 | D:13     | Cast into the Abyss (Sonja)
 25728 | Abyss:1  | Noticed a tentacled starspawn
 25738 | Abyss:1  | Killed a tentacled starspawn
 25861 | Abyss:1  | Noticed a tentacled starspawn
 25867 | Abyss:1  | Killed a tentacled starspawn
 25910 | Abyss:1  | Reached skill level 20 in Axes
 25912 | Abyss:1  | Reached skill level 15 in Armour
 25924 | Abyss:1  | Received a gift from Trog
 25936 | Abyss:1  | Paralysed by a great orb of eyes for 3 turns
 25945 | Abyss:1  | Noticed a tentacled starspawn
 25952 | Abyss:1  | Killed a tentacled starspawn
 26076 | Abyss:1  | HP: 6/156 [Executioner (14)]
 26096 | Abyss:1  | Noticed a bone dragon
 26105 | Abyss:1  | Killed a bone dragon
 26170 | Abyss:1  | Noticed a bone dragon
 26178 | Abyss:1  | Killed a bone dragon
 26189 | Abyss:1  | Found a corrupted altar of Lugonu.
 26244 | Abyss:1  | Noticed a Hell Sentinel
 26254 | Abyss:1  | Killed from afar by a Hell Sentinel

Action                   |  1- 3 |  4- 6 |  7- 9 | 10-12 | 13-15 | 16-18 || total
-------------------------+-------+-------+-------+-------+-------+-------++-------
Melee: Hand axe          |   107 |   102 |       |       |       |       ||   209
       Broad axe         |       |    61 |   249 |   187 |       |       ||   497
       Battleaxe         |       |       |       |   161 |   205 |   371 ||   737
       Executioner's axe |       |       |       |   277 |   519 |       ||   796
 Fire: Hand crossbow     |       |       |       |       |   165 |       ||   165
       Arbalest          |       |       |       |       |   218 |    93 ||   311
Invok: Berserk           |       |     2 |     4 |    12 |     7 |     4 ||    29
       Trog's Hand       |       |     2 |     1 |    10 |     6 |     8 ||    27
       Brothers in Arms  |       |       |     1 |     1 |     3 |       ||     5
 Abil: Device Recharging |       |       |       |     5 |    10 |     1 ||    16
Evoke: Wand              |       |     1 |     4 |    29 |    38 |    12 ||    84
  Use: Scroll            |     4 |     5 |     7 |    14 |     7 |     1 ||    38
       Potion            |     2 |     3 |     9 |     9 |     7 |     4 ||    34
 Stab: Invisible         |       |       |     1 |       |       |       ||     1
  Eat: Chunk             |     1 |     8 |    17 |    33 |    33 |    13 ||   105
       Bread ration      |       |       |     1 |     1 |     1 |     1 ||     4

Vault maps used:
D:1:      kb_arrival_jail, kennysheep_minor_cross, grunt_decor_arrowhead,
          minmay_door_square
D:2:      first_bread, uniq_jessica
D:3:      nicolae_ru_path_of_blood
D:4:      good_gods_mini_temple, minmay_temple_entry_glassed_door,
          minmay_joined_circles
D:5:      basic_altar, min_item_tele_traps
D:6:      yredelemnul_forgotten_temple_becter
D:7:      serial_shops, nicolae_shop_trees, uniq_menkaure, uniq_edmund
D:8:      bloody_trog, lair_0_dummy, serial_shops, nicolae_shop_trees,
          kennysheep_mini_moat, nicolae_shop_crystal, kennysheep_little_box,
          hangedman_tree_tricks
D:9:      fedhas_altar_1, old_standard_altar, st_stairs_11, uniq_psyche,
          uniq_prince_ribbit1
D:10:     hangedman_decor_peaks_small, kennysheep_generic_room_2
D:11:     portal_ice_cave_entry_imps
D:12:     wad_cavern_with_rooms, david_orc_4, kennysheep_crisscross,
          okawaru_humans, uniq_grum, uniq_urug
D:13:     minmay_expanding_circles, david_vaults_5, basic_altar, ice2_lemuel,
          uniq_sonja, uniq_erica
Lair:2:   grunt_forest_small_clearings, ldierk_geyser, serial_bayou_lagoon_b
Lair:3:   minmay_snake_entry_guardpost_medium, st_stairs_9, pond,
          grunt_megastairs_2, infiniplex_staircase_pool_2, uniq_nergalle
Lair:4:   minmay_lair_venomous_thicket, minmay_shoals_entry_beasts,
          lemuel_oklob_altar
Lair:5:   lemuel_old_faithful, uniq_fannar
Lair:6:   slime_dummy, minivault_25, serial_bayou_shore_a, serial_bayou_shore_b
Lair:8:   minmay_lair_end_frog_pond
Orc:1:    mines2_david
Orc:2:    nicolae_orc_accident_1, enter_bailey_3, basic_altar, uniq_gastronok
Orc:3:    nicolae_orc_pool_cavern
Orc:4:    pubby_orc_utopia, serial_shops
Bailey:   bailey_axe_2, bailey
IceCv:    ice_cave_caverns_03
